 Dungeon Crawl Stone Soup version 0.29-a0-817-g9904bce7a6 (webtiles) character file.

Game seed: 734085450922526797

163 blackman the Sneak (level 5, 0/41 HPs)
             Began as a Human Delver on July 5, 2022.
             Succumbed to a scorpion's poison
             ... on level 7 of the Dungeon.
             The game lasted 00:02:28 (1215 turns).

blackman the Sneak (Human Delver)                   Turns: 1215, Time: 00:02:29

Health: 0/41       AC:  8    Str: 15    XL:     5   Next: 72%
Magic:  5/5        EV:  6    Int: 10    God:
Gold:   10         SH:  0    Dex: 14    Spells: 4/4 levels left

rFire   . . .      SeeInvis .   j - +0 rapier
rCold   . . .      Faith    .   (no shield)
rNeg    . . .      Spirit   .   o - +0 chain mail
rPois   .          Reflect  .   (no helmet)
rElec   .          Harm     .   (no cloak)
rCorr   .          Rampage  .   (no gloves)
Will    .....                   (no boots)
Stlth   ..........              (no amulet)
HPRegen 0.13/turn               (no ring)
MPRegen 0.09/turn               (no ring)

@: lethally poisoned (0 -> -9)
A: no striking features
a: no special abilities


You were on level 7 of the Dungeon.
You visited 1 branch of the dungeon, and saw 3 of its levels.

You collected 10 gold pieces.

Inventory:

Hand Weapons
 a - a +0 hand axe
 j - a +0 rapier (weapon)
 n - a +0 whip
Missiles
 k - 2 boomerangs (quivered)
 l - a curare-tipped dart
Armour
 b - a +0 leather armour
 o - a +0 chain mail (worn)
Wands
 g - a wand of digging (3)
Scrolls
 c - a scroll of fog
 d - a scroll of magic mapping
 e - a scroll of fear
Potions
 f - 2 potions of haste
 m - a potion of lignification {unknown}


   Skills:
 - Level 3.0 Fighting
 * Level 1.1 Long Blades
 - Level 3.1 Axes
 - Level 2.0 Dodging
 - Level 5.0 Stealth
 * Level 4.0 Evocations


You had 4 spell levels left.
You didn't know any spells.
Your spell library was empty.

Dungeon Overview and Level Annotations

Branches:
Dungeon (7/15)
 Temple: D:4-7

Altars:


Message History

The scorpion is moderately wounded.
You feel sick. The scorpion stings you.
* * * LOW HITPOINT WARNING * * *
The scorpion stings you but does no damage.
You hit the scorpion but do no damage.
The scorpion is moderately wounded.
You feel sick. The scorpion stings you.
* * * LOW HITPOINT WARNING * * *
You hit the scorpion.
The scorpion is heavily wounded.
You feel sick. The scorpion barely misses you. The scorpion closely misses you.
It was a potion of curing.
You feel better.
The scorpion stings you but does no damage.
You hit the scorpion but do no damage.
The scorpion is heavily wounded.
The scorpion stings you but does no damage.
You closely miss the scorpion.
The scorpion is heavily wounded.
The scorpion barely misses you. The scorpion stings you.
You hit the scorpion but do no damage.
The scorpion is heavily wounded.
The scorpion stings you but does no damage.
You closely miss the scorpion.
The scorpion is heavily wounded.
The scorpion stings you.
* * * LOW HITPOINT WARNING * * *
You hit the scorpion but do no damage.
The scorpion is heavily wounded.
The scorpion stings you.
* * * LOW HITPOINT WARNING * * *
The scorpion barely misses you.
You barely miss the scorpion.
The scorpion is heavily wounded.
The scorpion stings you.
* * * LOW HITPOINT WARNING * * *
You are lethally poisoned!
The scorpion poisons you!
You barely miss the scorpion.
The scorpion is heavily wounded.
You die...

##### #)..#
#.<.# #.).#
#####...####
#...........#
#.<...⌠...<.#
#..@s.......#
#####...######
....... ..
#.8.#... o##
........ ..
...#### #.
.... ###.###
#....o.
###.###


You could see a scorpion.

Vanquished Creatures
  A kobold brigand (D:6)
  A hound (D:6)
  An orc wizard (D:7)
  2 adders (D:6)
  A white imp (D:6)
  6 orcs
  4 kobolds (D:6)
16 creatures vanquished.

Notes
Turn   | Place    | Note
-------+----------+-------------------------------------------
     0 | D:5      | blackman the Human Delver began the quest for the Orb.
     0 | D:5      | Reached XP level 1. HP: 18/18 MP: 1/1
     5 | D:5      | Noticed a hound
    44 | D:6      | Reached skill level 1 in Evocations
    44 | D:6      | Reached XP level 2. HP: 11/24 MP: 2/2
   268 | D:6      | Reached XP level 3. HP: 6/29 MP: 3/3
   391 | D:6      | Noticed a kobold brigand
   397 | D:6      | Killed a kobold brigand
   398 | D:6      | Reached XP level 4. HP: 2/35 MP: 4/4
   879 | D:6      | Reached XP level 5. HP: 34/41 MP: 5/5
  1135 | D:7      | Reached skill level 1 in Long Blades
  1215 | D:7      | Succumbed to a scorpion's poison

Illustrated notes

Levels and vault maps discovered:
D:5:      layout_cave_pools, mainiacjoe_overflow_tiny_flanked,
          dreamdust_gnoll_farm, uniq_grinder
D:6:      layout_basic
D:7:      layout_loops_ring, temple_statues, nicolae_elevator_lobby_plus,
          uniq_maggie

Skill      XL: |  1  2  3  4  5 |
---------------+----------------+-----
Evocations     | 1 3 4 |  4.0
Axes           | 3 |  3.1
Long Blades    | 1 |  1.1
Fighting       | |  3.0
Dodging        | |  2.0
Stealth        | |  5.0

Action                   |  1- 3 |  4- 6 || total
-------------------------+-------+-------++-------
Melee: Hand axe          |    10 |     3 ||    13
       Rapier            |       |    48 ||    48
Evoke: Wand              |    12 |     4 ||    16
  Use: Potion            |       |     1 ||     1
 Stab: Sleeping          |       |     1 ||     1
Armor: Leather armour    |       |     6 ||     6
       Chain mail        |       |    12 ||    12
Dodge: Dodged            |     6 |    33 ||    39

Table legend: (Time is in decaauts)
 A = Elapsed time spent in this place.
 B = Non-inter-level travel time spent in this place.
 C = Inter-level travel time spent in this place.
 D = Time resting spent in this place.
 E = Time spent auto-exploring this place.
 F = Levels seen in this place.
 G = Mean time per level.
                   A        B        C        D        E       F      G
               +--------+--------+--------+--------+--------+-----+--------+
         Total |   1225 |   1216 |      9 |    829 |    174 |   3 |  408.3 |
       Dungeon |   1225 |   1216 |      9 |    829 |    174 |   3 |  408.3 |
               +--------+--------+--------+--------+--------+-----+--------+

Top non-repeatable levels by time:
     D:6: 821 daAuts
     D:7: 390 daAuts
     D:5: 13 daAuts
